 Dungeon Crawl Stone Soup version 0.21-a0-522-ga8338f0 (webtiles) character file.

6087 BingusPrime the Spear-Bearer (level 10, 0/79 HPs)
             Began as a Merfolk Gladiator on Dec 6, 2017.
             Was a Follower of Qazlal.
             Slain by alcopop's ghost (14 damage)
             ... on level 1 of the Lair of Beasts.
             The game lasted 00:30:31 (9875 turns).

BingusPrime the Spear-Bearer (Merfolk Gladiator)    Turns: 9875, Time: 00:30:31

Health: 0/79       AC: 19    Str: 18    XL:     10   Next: 88%
Magic:  10/10      EV:  7    Int: 10    God:    Qazlal [*.....]
Gold:   412        SH:  2    Dex: 15    Spells: 9/9 levels left

rFire    . . .     SeeInvis +   i - +7 long sword of Uncertain Death {drain, SInv}
rCold    . . .     Gourm    .   (no shield)
rNeg     + . .     Faith    .   t - +1 plate armour {MR+}
rPois    .         Spirit   .   K - +2 helmet
rElec    .         Reflect  .   (no cloak)
rCorr    .         Harm     .   v - +2 pair of gloves
MR       +....                  (no boots)
Stlth    ..........             (no amulet)
HPRegen  0.23/turn              x - +2 ring of intelligence
MPRegen  0.12/turn              u - ring of positive energy

@: no status effects
A: change form in water, swift swim, stealthy swim
a: Renounce Religion


You were on level 1 of the Lair of Beasts.
You worshipped Qazlal.
Qazlal was aware of your devotion.
You were not hungry.

You visited 3 branches of the dungeon, and saw 10 of its levels.
You also visited: Ossuary.

You collected 412 gold pieces.

Inventory:

Hand Weapons
 a - a +0 trident
 i - the +7 long sword of Uncertain Death (weapon) {drain, SInv}
   (You found it on level 7 of the Dungeon)

   A truly terrible weapon, it drains the life of those it strikes.
   It lets you see invisible.
 P - a +4 dire flail
Missiles
 d - 3 throwing nets
 g - 2 javelins
 h - 333 stones (quivered)
Armour
 b - a +0 leather armour
 c - a +0 helmet
 n - a +0 ring mail
 t - a +1 plate armour of magic resistance (worn)
 v - a +2 pair of gloves (worn)
 K - a +2 helmet (worn)
Jewellery
 u - a ring of positive energy (right hand)
 x - a +2 ring of intelligence (left hand)
 Q - an uncursed ring of protection from cold {unknown}
Wands
 p - a wand of digging (15)
 y - a wand of polymorph (9)
 J - a wand of paralysis (3)
 O - a wand of iceblast (11)
 R - a wand of clouds (1)
Scrolls
 e - 2 scrolls of fear
 j - 5 scrolls of teleportation
 k - a scroll of blinking
 m - 5 scrolls of remove curse
 C - 2 scrolls of fog {unknown}
 E - 3 scrolls of immolation {unknown}
 H - a scroll of magic mapping {unknown}
 N - a scroll of enchant weapon {unknown}
 S - a scroll of identify
Potions
 l - 3 potions of ambrosia
 o - a potion of agility {unknown}
 r - 3 potions of magic
 s - 3 potions of haste
 z - 3 potions of heal wounds
 A - 3 potions of might {unknown}
 B - a potion of curing {unknown}
 D - 3 potions of flight {unknown}
 F - 2 potions of mutation {unknown}
 G - 2 potions of brilliance {unknown}
 I - a potion of lignification {unknown}
Books
 M - a book of Conjurations

   Spells                             Type                      Level
   a - Magic Dart                     Conjuration                  1
   b - Searing Ray                    Conjuration                  2
   c - Dazzling Spray                 Conjuration/Hexes            3
   d - Fulminant Prism                Conjuration/Hexes            4
   e - Force Lance                    Conjuration/Translocation    4
   f - Iskenderun's Mystic Blast      Conjuration                  4
Comestibles
 f - 5 bread rations
 q - 4 meat rations
 w - 8 fruits
 L - 2 royal jellies


   Skills:
 + Level 7.3 Fighting
 * Level 9.1 Long Blades
 - Level 13.9 Polearms
 + Level 4.0 Throwing
 + Level 4.2 Armour
 + Level 4.9 Dodging
 + Level 0.4 Stealth


You had 9 spell levels left.
You didn't know any spells.

Dungeon Overview and Level Annotations

Branches:
Dungeon (8/15)             Temple (1/1) D:6            Lair (1/6) D:8

Altars:
Ashenzari
Cheibriados
Dithmenos
Elyvilon
Fedhas
Gozag
Hepliaklqana
Kikubaaqudgha
Makhleb
Nemelex Xobeh
Okawaru
Qazlal
Ru
Sif Muna
Uskayaw
Vehumet
Wu Jian
Xom
Yredelemnul
Zin
The Shining One

Shops:
D:6 !

Annotations:
Lair:1 alcopop's ghost, journeyman DrAs


Message History

Alcopop's ghost hits you.
You miss alcopop's ghost.
Alcopop's ghost is heavily damaged.
Alcopop's ghost hits you.
You miss alcopop's ghost.
Alcopop's ghost is heavily damaged.
You closely miss alcopop's ghost.
Alcopop's ghost is heavily damaged.
Alcopop's ghost hits you but does no damage.
You barely miss alcopop's ghost.
Alcopop's ghost is heavily damaged.
Alcopop's ghost hits you!
You hit alcopop's ghost.
Alcopop's ghost is heavily damaged.
Alcopop's ghost hits you!
* * * LOW HITPOINT WARNING * * *
You hit alcopop's ghost but do no damage.
Alcopop's ghost is heavily damaged.
Alcopop's ghost hits you!
You die...

.# #.# P.# #.#
#.# # ###.###
#.##W#.#.####
#..@รท.......#
#####..####.#
##.# #..# ##(#
#.# ...# #.#
## #...## ##.#
#.# ....##
#..#


You could see alcopop's ghost.

Vanquished Creatures
  A two-headed ogre (D:8)
  A wizard (D:7)
  2 orc sorcerers (D:7)
  A komodo dragon (Lair:1)
  A hornet (D:7)
  A hippogriff (D:8)
  A wyvern (D:8)
  Menkaure (D:7)
  A water moccasin (Lair:1)
  2 orc warriors
  A sky beast (D:5)
  An ice beast (D:6)
  3 phantoms
  5 centaurs
  2 ogres
  2 crocodiles
  A big kobold (D:7)
  2 bullfrogs
  2 wyvern zombies (D:8)
  A water moccasin skeleton (D:5)
  A scorpion (D:7)
  4 wights (D:7)
  2 bullfrog zombies
  5 hounds
  A jelly (D:5)
  7 orc priests
  Jessica (D:2)
  2 iguanas
  8 orc wizards
  5 worker ants
  A big kobold zombie (Ossuary)
  4 mummies (Ossuary)
  Robin (D:2)
  3 gnolls (D:4)
  6 adders
  3 shadow imps
  An ooze (D:2)
  An adder zombie (D:5)
  2 worms (D:3)
  A dart slug (D:3)
  7 leopard geckos
  15 orcs
  2 ball pythons
  4 bats
  4 giant cockroaches
  2 gnoll zombies (Ossuary)
  11 goblins
  10 hobgoblins
  7 jackals
  9 kobolds
  6 quokkas
  3 frilled lizards
  A goblin zombie (D:4)
  A hobgoblin zombie (Ossuary)
  A kobold zombie (Ossuary)
  A leopard gecko skeleton (D:6)
  3 orc zombies (Ossuary)
  A quokka skeleton (D:4)
  A quokka zombie (D:4)
  4 rats
184 creatures vanquished.

Vanquished Creatures (others)
  2 plants (Lair:1)
2 creatures vanquished.

Grand Total: 186 creatures vanquished

Notes
Turn   | Place    | Note
-------+----------+-------------------------------------------
     0 | D:1      | BingusPrime the Merfolk Gladiator began the quest for the Orb.
     0 | D:1      | Reached XP level 1. HP: 16/16 MP: 1/1
   373 | D:1      | Reached XP level 2. HP: 22/22 MP: 2/2
   579 | D:1      | Reached skill level 5 in Polearms
   984 | D:2      | Noticed Robin
   990 | D:2      | Reached XP level 3. HP: 27/28 MP: 3/3
  1010 | D:2      | Noticed Jessica
  1021 | D:2      | Killed Robin
  1040 | D:2      | Killed Jessica
  1040 | D:2      | Reached skill level 6 in Polearms
  1040 | D:2      | Reached XP level 4. HP: 10/34 MP: 4/4
  1853 | D:3      | Reached XP level 5. HP: 30/40 MP: 5/5
  2020 | D:3      | Reached skill level 7 in Polearms
  2164 | D:3      | Noticed a phantom
  2195 | D:3      | Killed a phantom
  2195 | D:3      | Reached skill level 8 in Polearms
  2195 | D:3      | Reached XP level 6. HP: 37/47 MP: 6/6
  2242 | D:3      | Noticed an orc warrior
  2609 | D:4      | Found a sacrificial altar of Ru.
  2638 | D:4      | Reached skill level 1 in Armour
  2727 | D:4      | Found a sand-covered staircase.
  2735 | Ossuary  | Entered an ossuary
  2933 | Ossuary  | Reached skill level 9 in Polearms
  3341 | D:4      | Reached XP level 7. HP: 49/53 MP: 7/7
  3727 | D:4      | Found a glowing golden altar of the Shining One.
  3790 | D:5      | Entered Level 5 of the Dungeon
  3806 | D:5      | Reached skill level 10 in Polearms
  4412 | D:5      | Reached skill level 11 in Polearms
  4412 | D:5      | Reached XP level 8. HP: 40/61 MP: 8/8
  4795 | D:5      | Found a hide-covered altar of Uskayaw.
  4795 | D:5      | Found an iron altar of Okawaru.
  4963 | D:6      | Reached skill level 12 in Polearms
  5099 | D:6      | Found Isigokol's Distillery.
  5162 | D:6      | Found a staircase to the Ecumenical Temple.
  5173 | Temple   | Entered the Ecumenical Temple
  5314 | Temple   | Became a worshipper of Qazlal Stormbringer
  5833 | D:6      | Reached skill level 13 in Polearms
  5902 | D:6      | Reached skill level 5 in Fighting
  5902 | D:6      | Reached XP level 9. HP: 39/68 MP: 9/9
  6325 | D:7      | Noticed a wizard
  6326 | D:7      | Noticed an orc sorcerer
  6327 | D:7      | Noticed an orc sorcerer
  6331 | D:7      | Noticed a hellwing
  6424 | D:7      | Noticed a hornet
  6448 | D:7      | Killed a hornet
  6474 | D:6      | HP: 3/68 [poisoned by a hornet]
  6891 | D:7      | Got a pitted long sword
  6892 | D:7      | Identified the +7 long sword of Uncertain Death {drain, SInv} (You found it on level 7 of the Dungeon)
  6980 | D:7      | Reached skill level 1 in Long Blades
  6983 | D:7      | Found a sparkling altar of Nemelex Xobeh.
  7137 | D:7      | Noticed Menkaure
  7141 | D:7      | Killed Menkaure
  7183 | D:7      | Reached * piety under Qazlal
  7652 | D:7      | Killed a wizard
  7768 | D:7      | Reached skill level 5 in Long Blades
  7977 | D:7      | Reached XP level 10. HP: 77/77 MP: 10/10
  8212 | D:7      | Noticed an orange demon
  8212 | D:7      | Killed an orc sorcerer
  8255 | D:7      | Killed an orc sorcerer
  8394 | D:8      | Noticed a two-headed ogre
  8714 | D:8      | Noticed a cyan ugly thing
  9012 | D:8      | Noticed a two-headed ogre
  9023 | D:8      | Killed a two-headed ogre
  9215 | D:8      | Found a staircase to the Lair.
  9232 | Lair:1   | Entered Level 1 of the Lair of Beasts
  9234 | Lair:1   | Noticed alcopop's ghost (journeyman DrAs)
  9875 | Lair:1   | Slain by alcopop's ghost

Vault maps used:
D:1:      kennysheep_arrival_forest, minmay_shallow_snake_nest
D:2:      uniq_robin, uniq_jessica
D:3:      lightli_corner_chamber
D:4:      tso_altar, nicolae_ru_awakened_eye, first_bread, enter_ossuary_4
D:5:      gammafunk_temple_overflow_wave
D:6:      minmay_temple_entry_statues_pillars, serial_shops, shop
D:7:      cheibrodos_wizards_tower, nemelex_xobeh_ov_fountains_minmay,
          uniq_menkaure
D:8:      kennysheep_blocky_room, trog_eyes_of_draining, lair_entry_dummy
Temple:   regret_index_temple_sphere_string
Lair:1:   enter_volcano_3, grunt_megastairs_5
Ossuary:  ossuary_crypta

Skill      XL: |  1  2  3  4  5  6  7  8  9 10 |
---------------+-------------------------------+-----
Polearms       | 5 6 8 9 11 13 | 13.9
Fighting       | 3 4 5 6 7 |  7.3
Armour         | 1 2 3 4 |  4.2
Long Blades    | 5 9 |  9.1
Throwing       | 3 4 |  4.0
Dodging        | |  4.9
Stealth        | |  0.4

Action                   |  1- 3 |  4- 6 |  7- 9 | 10-12 || total
-------------------------+-------+-------+-------+-------++-------
Melee: Trident           |    93 |   283 |   411 |       ||   787
       Long sword        |       |       |    65 |   167 ||   232
Throw: Stone             |     7 |     3 |    50 |    20 ||    80
       Javelin           |       |     1 |     8 |       ||     9
  Use: Scroll            |       |     7 |    13 |     1 ||    21
       Potion            |       |       |     2 |     1 ||     3
  Eat: Chunk             |       |     7 |     7 |     2 ||    16
       Bread ration      |       |       |     2 |     1 ||     3
Armor: Leather armour    |     1 |       |       |       ||     1
       Ring mail         |    13 |     4 |       |       ||    17
       Plate armour      |       |    98 |   208 |    91 ||   397
Dodge: Dodged            |    50 |    56 |    79 |    43 ||   228
Block: Other             |       |       |     2 |     8 ||    10
       Rpst.: Long sword |       |       |     4 |    11 ||    15

Table legend:
 A = Spawn XP
 B = Non-spawn XP
 C = Spawn XP percentage of total XP
 D = Spawn monster count
 E = Non-spawn monster count
 F = Spawn count percentage of total count
 G = Total turns spent on level
                    A         B        C        D         E        F      G
               +---------+---------+-------+---------+---------+-------+---------
         Total |       0 |    8696 |   0.0 |       0 |     184 |   0.0 |  9875
               +---------+---------+-------+---------+---------+-------+---------
           D:1 |       0 |      25 |   0.0 |       0 |       7 |   0.0 |   927
           D:2 |       0 |     111 |   0.0 |       0 |      31 |   0.0 |   858
           D:3 |       0 |     259 |   0.0 |       0 |      22 |   0.0 |   809
           D:4 |       0 |     206 |   0.0 |       0 |      13 |   0.0 |   993
           D:5 |       0 |     755 |   0.0 |       0 |      18 |   0.0 |   809
           D:6 |       0 |    1085 |   0.0 |       0 |      26 |   0.0 |  1830
           D:7 |       0 |    3451 |   0.0 |       0 |      38 |   0.0 |  1919
           D:8 |       0 |    2107 |   0.0 |       0 |      14 |   0.0 |   888
        Lair:1 |       0 |     591 |   0.0 |       0 |       3 |   0.0 |   188
       Ossuary |       0 |     106 |   0.0 |       0 |      12 |   0.0 |   487
               +---------+---------+-------+---------+---------+-------+---------
